 Dungeon Crawl Stone Soup version 0.29-a0-559-g359e09b9d1 (webtiles) character file.

Game seed: 7802202215035412676

424 Essalna the Ruffian (level 6, -2/51 HPs)
             Began as a Draconian Transmuter on June 10, 2022.
             Slain by an ogre
             ... wielding a +0 giant club
              (17 damage)
             ... on level 4 of the Dungeon.
             The game lasted 00:07:54 (5118 turns).

Essalna the Ruffian (Draconian Transmuter)          Turns: 5118, Time: 00:07:55

Health: -2/51      AC:  6    Str: 18    XL:     6   Next: 64%
Magic:  8/9        EV: 12    Int: 16    God:
Gold:   124        SH:  0    Dex: 11    Spells: 4/9 levels left

rFire   . . .      SeeInvis .     - Unarmed
rCold   . . .      Faith    .   (no shield)
rNeg    . . .      Spirit   .   (body armour unavailable)
rPois   +          Reflect  .   (helmet currently unavailable)
rElec   .          Harm     .   (no cloak)
rCorr   .          Rampage  .   (no gloves)
Will    .....                   (boots currently unavailable)
Stlth   +.........              (no amulet)
HPRegen 0.17/turn               g - +6 ring of strength
MPRegen 0.11/turn               j - ring of poison resistance

@: appendages
A: horns 2, talons 2, AC +6, unfitting armour, cold-blooded
a: End Transformation


You were on level 4 of the Dungeon.
You had temporarily grown beastly horns and talons.
You visited 1 branch of the dungeon, and saw 4 of its levels.

You collected 124 gold pieces.

Inventory:

Jewellery
 g - a +6 ring of strength (left hand)
 j - a ring of poison resistance (right hand)
Wands
 r - a wand of charming (5)
 s - a wand of flame (4)
Scrolls
 b - 2 scrolls of teleportation {unknown}
 e - 6 scrolls of identify {unknown}
 i - a scroll of immolation {unknown}
 l - 2 scrolls of noise {unknown}
 m - a scroll of fog {unknown}
 n - a scroll of enchant weapon {unknown}
 o - a scroll of vulnerability {unknown}
 p - a scroll of poison {unknown}
 q - a scroll of enchant armour {unknown}
Potions
 a - 2 potions of lignification
 c - a potion of brilliance {unknown}
 k - a potion of heal wounds


   Skills:
 + Level 3.5 Fighting
 + Level 3.4 Dodging
 + Level 4.3 Unarmed Combat
 - Level 2.0 Spellcasting
 + Level 3.7 Transmutations
 + Level 2.0 Ice Magic


You had 4 spell levels left.
You knew the following spells:

 Your Spells              Type           Power      Damage    Failure   Level
a - Beastly Appendage     Tmut           26%        N/A       4%          1
b - Ice Form              Ice/Tmut       10%        N/A       54%         4

Your spell library contained the following spells:

 Spells                   Type           Power      Damage    Failure   Level
 Wereblood                Tmut           13%        N/A       7%          2
 Summon Small Mammal      Summ           4%         N/A       21%         1
 Spider Form              Tmut/Pois      7%         N/A       28%         3
 Call Canine Familiar     Summ           1%         N/A       52%         3
 Summon Guardian Golem    Hex/Summ       1%         N/A       52%         3


Dungeon Overview and Level Annotations

Branches:
Dungeon (4/15)
 Temple: D:4-7

Altars:
Elyvilon
Nemelex Xobeh

Shops:
D:2 !


Innate Abilities, Weirdness & Mutations

You have temporarily grown beastly horns and talons.
Your plain brown scales are hard. (AC +6)
You cannot fit into any form of body armour.
You are cold-blooded and may be slowed by cold attacks.


Message History

Found a stone staircase leading down.
You miscast Beastly Appendage.
You are very lightly contaminated with residual magic.
Nothing appears to happen.
You grow a pair of large bovine horns.
Your feet morph into talons.
Aiming: Throw Flame
Press: ? - help, Shift-Dir - straight line, f - ogre
Aim: an ogre, wielding a +0 giant club (85% to hit)
The puff of flame hits the ogre!
The ogre is moderately wounded.
Aiming: Throw Flame
Press: ? - help, Shift-Dir - straight line, f/p - ogre
Aim: an ogre, wielding a +0 giant club (moderately wounded, 85% to hit)
The puff of flame hits the ogre.
The ogre is heavily wounded.
Aiming: Throw Flame
Press: ? - help, Shift-Dir - straight line, f/p - ogre
Aim: an ogre, wielding a +0 giant club (heavily wounded, 85% to hit)
The puff of flame hits the ogre.
The ogre is severely wounded.
You hit the ogre. Your kick misses the ogre. You punch the ogre.
The ogre is severely wounded.
The ogre hits you with a +0 giant club!
You hit the ogre. Your kick misses the ogre.
Your tail-slap misses the ogre.
The ogre is severely wounded.
The ogre hits you with a +0 giant club!
Your magical contamination has completely faded away.
You closely miss the ogre. You claw the ogre, but do no damage.
The ogre is severely wounded.
You hit the ogre. Your headbutt misses the ogre.
Your tail-slap misses the ogre.
You punch the ogre.
The ogre is almost dead.
The ogre hits you with a +0 giant club!
* * * LOW HITPOINT WARNING * * *
You hit the ogre but do no damage.
Your tail-slap misses the ogre.
The ogre is almost dead.
You hit the ogre.
The ogre is almost dead.
The ogre hits you with a +0 giant club!
You die...

#. ###.....####
#.# #.....# #.#
##.....#
#.###......#
#..........#
#..##......#
#..##......#
#..........#
#@.##......#
.......O.##.######
###...#.###.#
#.....# #.#
.....#.# #.#
...<....# .##
..... ..# . ....
.>.


You could see an ogre.

Vanquished Creatures
  A water moccasin (D:4)
  A phantom (D:4)
  An orc wizard (D:3)
  7 gnolls
  6 adders
  A worm (D:3)
  3 dart slugs
  10 orcs (D:3)
  2 endoplasms
  4 giant cockroaches
  3 hobgoblins
  9 jackals
  2 quokkas (D:2)
  13 ball pythons
  7 bats
  5 frilled lizards
  6 goblins
  4 kobolds
  8 rats
93 creatures vanquished.

Vanquished Creatures (others)
  A plant (D:1)
1 creature vanquished.

Grand Total: 94 creatures vanquished

Notes
Turn   | Place    | Note
-------+----------+-------------------------------------------
     0 | D:1      | Essalna the Draconian Transmuter began the quest for the
                  | Orb.
     0 | D:1      | Reached XP level 1. HP: 16/16 MP: 3/3
   329 | D:1      | Reached XP level 2. HP: 14/23 MP: 5/5
  1528 | D:1      | Found a faded altar of an unknown god.
  1823 | D:2      | Reached XP level 3. HP: 29/29 MP: 4/6
  1837 | D:2      | Found Foytsix's Distillery.
  2168 | D:2      | Reached XP level 4. HP: 35/36 MP: 5/7
  2187 | D:2      | Learned a level 4 spell: Ice Form
  3092 | D:3      | Reached XP level 5. HP: 9/42 MP: 6/8
  3587 | D:3      | Reached skill level 1 in Ice Magic
  4204 | D:4      | Noticed a phantom
  4225 | D:4      | Killed a phantom
  4226 | D:4      | Reached skill level 4 in Unarmed Combat
  4226 | D:4      | Reached XP level 6. HP: 25/51 MP: 7/9
  4380 | D:4      | Found a sparkling altar of Nemelex Xobeh.
  4788 | D:4      | Found a white marble altar of Elyvilon.
  4843 | D:4      | Noticed a water moccasin
  4853 | D:4      | Killed a water moccasin
  5118 | D:4      | Slain by an ogre

Illustrated notes

Levels and vault maps discovered:
D:1:      dpeg_arrival_arbitrary_c, layout_loops_corners,
          shapermc_ecumenical_altar_mp_vishouse, serial_forest,
          infiniplex_forest_clump_long, infiniplex_forest_join,
          infiniplex_forest_straight_3, infiniplex_forest_3_way,
          infiniplex_forest_lined_room_3, infiniplex_forest_clump_medium,
          infiniplex_forest_split
D:2:      layout_loops_cross, serial_shops, nicolae_shop_statue_plus
D:3:      layout_loops_corners
D:4:      layout_basic, nicolae_ru_awakened_eye,
          mainiacjoe_overflow_large_starburst, uniq_ijyb

Skill      XL: |  1  2  3  4  5  6 |
---------------+-------------------+-----
Dodging        | 2 3 |  3.4
Fighting       | 2 3 |  3.5
Transmutations | 3 |  3.7
Ice Magic      | 1 2 |  2.0
Unarmed Combat | 4 |  4.3
Spellcasting   | |  2.0

Action                   |  1- 3 |  4- 6 || total
-------------------------+-------+-------++-------
Melee: Unarmed           |    92 |   180 ||   272
       Kick              |    17 |    36 ||    53
       Headbutt          |    12 |    32 ||    44
       Tailslap          |     5 |    22 ||    27
       Punch             |     1 |     4 ||     5
 Cast: Beastly Appendage |    33 |    35 ||    68
Evoke: Wand              |       |     3 ||     3
  Use: Potion            |       |     4 ||     4
Armor: Skin              |    26 |    38 ||    64
Dodge: Dodged            |    65 |    89 ||   154

Table legend: (Time is in decaauts)
 A = Elapsed time spent in this place.
 B = Non-inter-level travel time spent in this place.
 C = Inter-level travel time spent in this place.
 D = Time resting spent in this place.
 E = Time spent auto-exploring this place.
 F = Levels seen in this place.
 G = Mean time per level.
                   A        B        C        D        E       F      G
               +--------+--------+--------+--------+--------+-----+--------+
         Total |   5104 |   4969 |    135 |    304 |   4002 |   4 | 1276.0 |
       Dungeon |   5104 |   4969 |    135 |    304 |   4002 |   4 | 1276.0 |
               +--------+--------+--------+--------+--------+-----+--------+

Top non-repeatable levels by time:
     D:3: 1748 daAuts
     D:1: 1719 daAuts
     D:2: 1066 daAuts
     D:4: 569 daAuts
